 Dungeon Crawl Stone Soup version 0.20-a0-1086-g4bd2f5b (webtiles) character file.

25 FastMan the Chopper (level 2, 0/27 HPs)
             Began as a Minotaur Berserker on May 1, 2017.
             Was a Follower of Trog.
             Killed by divine providence
             ... invoked by an orc priest
              (17 damage)
             ... on level 2 of the Dungeon.
             The game lasted 00:00:27 (571 turns).

FastMan the Chopper (Minotaur Berserker)             Turns: 571, Time: 00:00:28

Health: 0/27       AC:  2    Str: 21    XL:     2   Next: 86%
Magic:  1/1        EV: 12    Int:  4    God:    Trog [*.....]
Gold:   50         SH:  0    Dex:  9    Spells: 1/1 levels left

rFire    . . .     SeeInvis .   a - +0 hand axe
rCold    . . .     Gourm    .   (no shield)
rNeg     . . .     Faith    .   b - +0 animal skin
rPois    .         Spirit   .   (helmet restricted)
rElec    .         Reflect  .   (no cloak)
rCorr    .         Harm     .   (no gloves)
MR       .....                  (no boots)
Stlth    +.........             (no amulet)
Regen    0.1/turn               (no ring)
MPRegen  0.1/turn               (no ring)

@: no status effects
A: retaliatory headbutt, horns 2
a: Berserk, Burn Spellbooks, Renounce Religion


You were on level 2 of the Dungeon.
You worshipped Trog.
Trog was aware of your devotion.
You were not hungry.

You visited 1 branch of the dungeon, and saw 2 of its levels.

You collected 50 gold pieces.

Inventory:

Hand Weapons
 a - a +0 hand axe (weapon)
Armour
 b - a +0 animal skin (worn)
Scrolls
 d - a scroll of enchant armour {unknown}
 e - a scroll of teleportation {unknown}
 f - 2 scrolls of remove curse {unknown}
 i - 2 scrolls of identify {unknown}
 l - a scroll of noise {unknown}
Potions
 h - a potion of flight {unknown}
 k - a potion of heal wounds {unknown}
 m - a potion of brilliance {unknown}
Comestibles
 c - a bread ration {@e1}
 g - a meat ration {@e2}
 j - 2 chunks of flesh


   Skills:
 + Level 4.2 Fighting
 * Level 4.4 Axes
 - Level 2.4 Armour
 - Level 2.1 Dodging


You had one spell level left.
You didn't know any spells.

Dungeon Overview and Level Annotations

Branches:
Dungeon (2/15)

Altars:
Vehumet
Wu Jian
Xom


Innate Abilities, Weirdness & Mutations

You reflexively headbutt those who attack you in melee.
You have a pair of horns on your head.


Message History

You kill the goblin!
Trog accepts your kill.
No target in view!
No target in view!
m - a grey potion No target in view! 2 orcs come into view.
The orc shouts!
An orc and an orc wizard come into view.
An orc priest comes into view. It is wielding a flail.
The orc wizard shouts!
The orc shouts!
An orc wizard comes into view. It is wielding a dagger.
There are monsters nearby!
The orc priest shouts!
The orc wizard shouts!
The orc shouts!
The orc wizard casts a spell at you. The magic dart hits you!
The orc priest invokes the aid of Beogh against you.
Beogh smites you!
Ouch! That really hurt!
You die...

###.# #.....# ###.#
#.##..#. .....# #...#
#.....#. .o.#.# ##.#.#
#.#...#. o....#
....###.#...#. .....# .
#.#.#...#...#o o.o..#
.##.#.....#...#o#...#.#
........#.#...#.......#.
........#.......@.......
........................
.......####.#....####.##
.......# #.#.##.#
.....### #.#.##.# ####.#
#.#.#..# ####.# #.#.#.##
.....# #.#.#.# ######
##.#.#.#


You could see an orc priest, 2 orc wizards and 3 orcs.

Vanquished Creatures
  3 bats
  2 giant cockroaches (D:1)
  5 goblins
  4 hobgoblins
  A ball python (D:1)
  2 frilled lizards
  5 kobolds
  A rat (D:2)
23 creatures vanquished.

Notes
Turn   | Place    | Note
-------+----------+-------------------------------------------
     0 | D:1      | FastMan the Minotaur Berserker began the quest for the Orb.
     0 | D:1      | Reached XP level 1. HP: 19/19 MP: 0/0
    99 | D:1      | Reached XP level 2. HP: 25/27 MP: 1/1
   474 | D:2      | Found a radiant altar of Vehumet.
   477 | D:2      | Found a shimmering altar of Xom.
   479 | D:2      | Found an ornate altar of the Wu Jian Council.
   571 | D:2      | Killed from afar by an orc priest

Vault maps used:
D:1:      minmay_arrival_stone_box
D:2:      cheibrodos_pilgrimage, lemuel_doored_altar,
          gammafunk_temple_overflow_forgotten, kennysheep_generic_room_9

Skill      XL: |  1  2 |
---------------+-------+-----
Axes           | 4 |  4.4
Fighting       | 4 |  4.2
Armour         | |  2.4
Dodging        | |  2.1

Action                   || total
-------------------------++-------
Melee: Hand axe          ||    31
       Headbutt          ||     6
Armor: Animal skin       ||     1
Dodge: Dodged            ||    20
